 Dungeon Crawl Stone Soup version 0.30-a0-634-g8abc85282e (webtiles) character file.

Game seed: 1038741781566488461

49 Leeroy the Slasher (level 3, 0/21 HPs)
             Began as a Tengu Warper on Jan 14, 2023.
             Slain by an orc wizard
             ... wielding a +0 dagger
              (1 damage)
             ... on level 3 of the Dungeon.
             The game lasted 00:02:02 (1399 turns).

Leeroy the Slasher (Tengu Warper)                   Turns: 1399, Time: 00:02:03

Health: 0/21       AC:  3    Str: 11    XL:     3   Next: 77%
Magic:  5/7        EV: 12    Int: 13    God:
Gold:   54         SH:  0    Dex: 15    Spells: 1/6 levels left

rFire   . . .      SeeInvis .    a - +0 falchion
rCold   . . .      Faith    .    (no shield)
rNeg    . . .      Spirit   .    b - +0 leather armour
rPois   .          Reflect  .    (helmet restricted)
rElec   .          Harm     .    (no cloak)
rCorr   .          Rampage  .    (no gloves)
Will    .....                    (boots unavailable)
Stlth   +                        (no amulet)
HPRegen 0.23/turn                (no ring)
MPRegen 0.10/turn                (no ring)

@: no status effects
A: beak, talons 3
a: no special abilities


You were on level 3 of the Dungeon.
You visited 1 branch of the dungeon, and saw 3 of its levels.

You collected 54 gold pieces.

Inventory:

Hand Weapons
 a - a +0 falchion (weapon)
Missiles
 d - 6 boomerangs of dispersal (quivered)
Armour
 b - a +0 leather armour (worn)
Scrolls
 c - a scroll of blinking
 e - 3 scrolls of identify {unknown}
 f - a scroll of amnesia {unknown}


   Skills:
 - Level 2.0 Fighting
 + Level 4.4 Long Blades
 - Level 1.0 Throwing
 - Level 1.1 Armour
 - Level 2.1 Dodging
 - Level 2.0 Spellcasting
 - Level 2.4 Translocations


You had one spell level left.
You knew the following spells:

 Your Spells              Type           Power      Damage    Failure   Level
a - Blink                 Tloc           14%        N/A       19%         2
b - Vhi's Electric Charg  Tloc/Air       8%         N/A       52%         3

Your spell library contained the following spells:

 Spells                   Type           Power      Damage    Failure   Level
 Lesser Beckoning         Tloc           14%        N/A       36%         3
 Teleport Other           Tloc           7%         N/A       36%         3
 Manifold Assault         Tloc           7%         N/A       77%         4


Dungeon Overview and Level Annotations

Branches:
Dungeon (2/15)

Altars:
Hepliaklqana

Shops:
D:1 *


Innate Abilities, Weirdness & Mutations

You have a beak for a mouth.
You have claws for feet.


Message History

The orc wizard mumbles some strange words.
The orc wizard flickers and vanishes!
Deactivating autopickup; reactivate with Ctrl-A.
Throw: 7 boomerangs (disperse)
Press: ? - help, Q - select action, (/) - cycle Shift-Dir - straight line
Okay, then.
You closely miss the orc. Something hits you. The orc completely misses you.
You hit the orc.
The orc is moderately wounded.
Something hits you. The orc misses you.
You hit the orc.
The orc is severely wounded.
You feel stable enough to blink again.
You hear some strange, mumbled words.
A magic dart appears from out of thin air!
The magic dart hits you. The orc misses you.
You hit the orc.
You kill the orc!
Something hits you.
You hit something.
You hear some strange, mumbled words.
A puff of flame appears from out of thin air!
The puff of flame hits you.
* * * LOW HITPOINT WARNING * * *
You hit something. Your kick misses something. Your peck misses something.
Something hits you.
* * * LOW HITPOINT WARNING * * *
Something hits you.
* * * LOW HITPOINT WARNING * * *
Throw: 7 boomerangs (disperse)
Press: ? - help, Q - select action, (/) - cycle Shift-Dir - straight line, f - you Really target yourself?
Uppercase [Y]es or [N]o only, please.
Really target yourself?
Okay, then.
Throw: 7 boomerangs (disperse)
Press: ? - help, Q - select action, (/) - cycle Shift-Dir - straight line, f - you You throw a boomerang of dispersal.
Something hits you.
You die...

..... #...+
#≈≈≈# #≈≈≈#
###...+##
##..)....##
#...###...#
##..##$##{)##
#...#...#.@.#
#..##...##..#
#..#.._..#..#
#..#.....#..#
##.........##
###.....###
#######


There were no monsters in sight!

Vanquished Creatures
  An adder (D:2)
  2 orcs (D:3)
  A ball python (D:1)
  3 endoplasms (D:1)
  A giant cockroach (D:1)
  6 goblins (D:1)
  4 hobgoblins (D:1)
  3 jackals (D:1)
  4 kobolds
  2 quokkas (D:1)
  A bat (D:1)
  3 frilled lizards (D:1)
  A rat (D:1)
32 creatures vanquished.

Notes
Turn   | Place    | Note
-------+----------+-------------------------------------------
     0 | D:1      | Leeroy the Tengu Warper began the quest for the Orb.
     0 | D:1      | Reached XP level 1. HP: 12/12 MP: 4/4
    67 | D:1      | Found Doevumm's Assorted Antiques.
   355 | D:1      | Reached XP level 2. HP: 17/17 MP: 6/6
   364 | D:1      | Reached skill level 3 in Long Blades
   722 | D:1      | Reached XP level 3. HP: 21/21 MP: 7/7
   896 | D:1      | Reached skill level 4 in Long Blades
   899 | D:1      | Learned a level 2 spell: Blink
   903 | D:1      | Learned a level 3 spell: Vhi's Electric Charge
  1351 | D:2      | You fall into a shaft and drop 1 floor!
  1372 | D:3      | Found a hazy altar of Hepliaklqana.
  1390 | D:3      | HP: 1/21 [orc/+0 mace (1)]
  1398 | D:3      | HP: 1/21 [something (1)]
  1399 | D:3      | Slain by an orc wizard

Illustrated notes

Levels and vault maps discovered:
D:1:      co_arrival_random_square_maze, layout_basic, serial_shops, shop_statue
D:2:      minmay_thinvault, layout_loops_ring, serial_shops, shop,
          nicolae_shop_stone, serial_bayou_crossing
D:3:      layout_basic, bloody_trog, mainiacjoe_overflow_cross_hatched,
          mainiacjoe_overflow_two_lobes, nicolae_overflow_crystal_walls,
          serial_shops, shop, nicolae_kite_square_tiling_tiny

Skill      XL: |  1  2  3 |
---------------+----------+-----
Long Blades    | 3 4 |  4.4
Fighting       | |  2.0
Throwing       | |  1.0
Armour         | |  1.1
Dodging        | |  2.1
Spellcasting   | |  2.0
Translocations | |  2.4

Action                   || total
-------------------------++-------
Melee: Falchion          ||    86
       Kick              ||    14
       Peck              ||     5
       Punch             ||     2
Throw: Boomerang         ||     1
 Cast: Blink             ||     1
  Use: Potion            ||     1
Armor: Leather armour    ||    20
Dodge: Dodged            ||    55

Table legend: (Time is in decaauts)
 A = Elapsed time spent in this place.
 B = Non-inter-level travel time spent in this place.
 C = Inter-level travel time spent in this place.
 D = Time resting spent in this place.
 E = Time spent auto-exploring this place.
 F = Levels seen in this place.
 G = Mean time per level.
                   A        B        C        D        E       F      G
               +--------+--------+--------+--------+--------+-----+--------+
         Total |   1409 |   1337 |     72 |      0 |   1118 |   3 |  469.7 |
       Dungeon |   1409 |   1337 |     72 |      0 |   1118 |   3 |  469.7 |
               +--------+--------+--------+--------+--------+-----+--------+

Top non-repeatable levels by time:
     D:1: 1328 daAuts
     D:3: 48 daAuts
     D:2: 32 daAuts
